 Dungeon Crawl Stone Soup version 0.18.1-5-g4a78601 (webtiles) character file.

87 M4edhros the Grave Robber (level 4, -1/27 HPs)
             Began as an Octopode Necromancer on May 12, 2016.
             Slain by a worker ant (8 damage)
             ... on level 4 of the Dungeon.
             The game lasted 00:03:31 (769 turns).

M4edhros the Grave Robber (Octopode Necromancer)     Turns: 769, Time: 00:03:32

Health: -1/27      AC:  1    Str:  7    XL:     4   Next: 51%
Magic:  1/7        EV: 12    Int: 17    God:
Gold:   54         SH:  0    Dex: 13    Spells: 3 memorised, 2 levels left

rFire  . . .     SeeInvis .       - Unarmed
rCold  . . .     Gourm    .     (no shield)
rNeg   . . .     Faith    .     (helmet restricted)
rPois  .         Spirit   .     (no amulet)
rElec  .         Dismiss  .     (no ring)
rCorr  .         Reflect  .     (no ring)
SustAt .         Harm     .     (no ring)
MR     .....                    (no ring)
Stlth  +++.......               (no ring)
                                (no ring)
                                (no ring)
                                (no ring)

@: lethally poisoned (-1 -> -2), regenerating, not resistant to hostile
enchantments, fairly stealthy
A: almost no armour, amphibious, 8 rings, constrict 8, camouflage 1, gelatinous
body 1
a: no special abilities


You were on level 4 of the Dungeon.
You were very hungry.

You visited 1 branch of the dungeon, and saw 4 of its levels.

You collected 54 gold pieces.

Inventory:

Scrolls
 d - a scroll of identify {unknown}
 e - a scroll of magic mapping {unknown}
 g - 4 scrolls of blinking {unknown}
 h - a scroll of remove curse {unknown}
Books
 a - a book of Necromancy

   Spells                             Type                      Level
   a - Pain                           Necromancy                   1
   b - Animate Skeleton               Necromancy                   1
   c - Vampiric Draining              Necromancy                   3
   d - Regeneration                   Charms/Necromancy            3
   e - Animate Dead                   Necromancy                   4
   f - Control Undead                 Necromancy                   4
Comestibles
 b - 2 bread rations
 c - a royal jelly


   Skills:
 - Level 2.0 Dodging
 - Level 2.6 Stealth
 + Level 4.0 Unarmed Combat
 - Level 2.0 Spellcasting
 - Level 4.0 Necromancy


You had 2 spell levels left.
You knew the following spells:

 Your Spells              Type           Power        Failure   Level  Hunger
a - Pain                  Necr           ###.         3%          1    #......
b - Animate Skeleton      Necr           N/A          3%          1    #......
r - Regeneration          Chrm/Necr      #.........   24%         3    ###....


Dungeon Overview and Level Annotations

Branches:
Dungeon (4/15)
 Temple: D:4-7

Altars:
Ashenzari


Innate Abilities, Weirdness & Mutations

You cannot wear most types of armour.
You are amphibious.
You can wear up to eight rings at the same time.
You can use your tentacles to constrict eight enemies at once.
Your skin changes colour to match your surroundings (Stealth).
Your rubbery body absorbs attacks (AC +1).


Message History

Unknown command.
Unknown command.
Casting: Regeneration
Confirm with . or Enter, or press ? or * to list all spells.
Your skin crawls.
You constrict the worker ant.
You kill the worker ant!
Your Unarmed Combat skill increases to level 4!
You constrict the worker ant, but do no damage.
You feel sick. The worker ant barely misses you.
You tentacle-slap the worker ant.
The worker ant is moderately wounded.
You constrict the worker ant, but do no damage.
You feel sick. The worker ant misses you.
Unknown command.
Unknown command.
You barely miss the worker ant.
The worker ant is moderately wounded.
You constrict the worker ant, but do no damage.
You feel sick. The worker ant bites you!
You die...

#######################
#.............†@a......
#.########..#######.##.
#.# #..# #.# #.... #.#
##.### #.# #.# #.# #..
#.# #.. ##.#


You could see a worker ant.

Vanquished Creatures
  A giant frog skeleton (D:4)
  A worker ant (D:4)
  An adder (D:2)
  A worm (D:1)
  A dart slug (D:1)
  A giant gecko (D:1)
  A giant cockroach (D:4)
  2 goblins (D:1)
  A hobgoblin (D:2)
  4 jackals (D:1)
  A ball python (D:1)
  3 bats (D:1)
  A giant newt (D:2)
  A kobold (D:2)
  4 rats
24 creatures vanquished.

Notes
Turn   | Place    | Note
--------------------------------------------------------------
     0 | D:1      | M4edhros the Octopode Necromancer began the quest for the Orb.
     0 | D:1      | Reached XP level 1. HP: 11/11 MP: 3/3
     0 | D:1      | last game was pretty neat, until that fucking totaly unlucky teleport 3 tiles deeper into monsters....
    71 | D:1      | Found a shattered altar of Ashenzari.
   184 | D:1      | Reached skill level 1 in Unarmed Combat
   190 | D:1      | Learned a level 1 spell: Animate Skeleton
   230 | D:1      | Reached XP level 2. HP: 16/17 MP: 5/5
   383 | D:1      | You fall through a shaft!
   386 | D:2      | Reached XP level 3. HP: 16/21 MP: 4/6
   394 | D:2      | Learned a level 3 spell: Regeneration
   647 | D:4      | Reached XP level 4. HP: 16/27 MP: 1/7
   769 | D:4      | Slain by a worker ant

Skill      XL: |  1  2  3  4 |
---------------+-------------+-----
Unarmed Combat | 1 2 3 4 |  4.0
Dodging        | |  2.0
Stealth        | |  2.6
Spellcasting   | |  2.0
Necromancy     | |  4.0

Action                   |  1- 3 |  4- 6 || total
-------------------------+-------+-------++-------
Melee: Unarmed           |    62 |    10 ||    72
       Constrict         |    17 |     4 ||    21
       Tentacles         |     9 |     2 ||    11
 Cast: Animate Skeleton  |     4 |       ||     4
       Regeneration      |     5 |     3 ||     8
       Pain              |     4 |       ||     4
  Use: Potion            |     1 |       ||     1
 Stab: Sleeping          |     2 |       ||     2
Armor: Skin              |     2 |     4 ||     6
Dodge: Dodged            |    42 |    21 ||    63
